 Dungeon Crawl Stone Soup version 0.32-a0-540-g866d13106e (webtiles) character file.

Game seed: 6440436969454454761

794 retardedninja the Chopper (level 7, -10/63 HPs)
             Began as a Mountain Dwarf Fighter on Feb 27, 2024.
             Mangled by an iguana (11 damage)
             ... on level 6 of the Dungeon on Feb 28, 2024.
             The game lasted 00:06:26 (4661 turns).

retardedninja the Chopper (Mountain Dwarf Fighter)  Turns: 4661, Time: 00:06:28

Health: -10/63     AC:  9    Str: 21    XL:     7   Next: 58%
Magic:  7/7        EV:  9    Int:  8    God:
Gold:   446        SH:  4    Dex:  9    Spells: 6/6 levels left

rFire   . . .        a - +0 war axe
rCold   . . .        c - +0 buckler
rNeg    . . .        b - +0 scale mail
rPois   .            d - +1 helmet
rElec   .            (no cloak)
rCorr   .            (no gloves)
SInv    .            (no boots)
Will    .....        (no amulet) Stlth
                     (no ring)
HPRegen 0.30/turn    (no ring)
MPRegen 0.10/turn

%: no passive effects
@: brilliant
A: runic magic, artefact enchanting
a: no special abilities


You were on level 6 of the Dungeon.
You visited 1 branch of the dungeon, and saw 6 of its levels.

You collected 446 gold pieces.

Inventory:

Hand Weapons
 a - a +0 war axe (weapon)
Armour
 b - a +0 scale mail (worn)
 c - a +0 buckler (worn)
 d - a +1 helmet (worn)
Jewellery
 k - a ring of fire
 n - a ring of resist corrosion
 t - a ring of fire
Wands
 p - a wand of digging (6)
Scrolls
 e - a scroll of revelation {unknown}
 g - 3 scrolls of teleportation {unknown}
 h - 2 scrolls of fog {unknown}
 i - 2 scrolls of identify {unknown}
 j - 2 scrolls of enchant weapon {unknown}
 m - 3 scrolls of noise {unknown}
 r - a scroll of poison {unknown}
 s - a scroll of blinking {unknown}
Potions
 f - a potion of lignification
 l - a potion of degeneration {unknown}


   Skills:
 * Level 6.2 Fighting
 * Level 6.3 Axes
 + Level 5.0 Armour
 + Level 5.1 Shields


You had 6 spell levels left.
You didn't know any spells.
Your spell library contained the following spells:

 Spells                   Type           Power      Damage    Failure   Level
 Slow                     Hex            0%         N/A       54%         1
 Ensorcelled Hibernation  Hex/Ice        0%         N/A       69%         2
 Mercury Vapours          Alch/Air       0%         N/A       69%         2
 Confusing Touch          Hex            0%         N/A       89%         3
 Fugue of the Fallen      Necr           0%         N/A       89%         3
 Gell's Gravitas          Tloc           0%         N/A       89%         3
 Mephitic Cloud           Conj/Alch/Air  0%         N/A       89%         3
 Sigil of Binding         Hex            0%         N/A       89%         3
 Teleport Other           Tloc           0%         N/A       89%         3
 Vampiric Draining        Necr           0%         2d6       89%         3
 Anguish                  Hex/Necr       0%         N/A       100%        4
 Freezing Cloud           Conj/Ice/Air   0%         6-21      100%        5
 Dispersal                Tloc           0%         N/A       100%        6


Dungeon Overview and Level Annotations

Branches:
Dungeon (6/15)
 Temple: D:4-7

Altars:
Dithmenos
Okawaru

Shops:
D:6 *


Innate Abilities, Weirdness & Mutations

Your spellcasting is much less encumbered by armour.
You can use scrolls of enchantment on lesser artefacts.


Message History

The ufetubus hits you but does no damage.
The ufetubus closely misses you. The ufetubus hits you.
You block the ufetubus's attack.
You closely miss the iguana. You slash the ufetubus!
You kill the ufetubus!
You miss something. You closely miss the ufetubus. Something hits you.
The ufetubus hits you.
The ufetubus hits you but does no damage.
The iguana bites you! The iguana bites you.
* * * LOW HITPOINT WARNING * * *
The ufetubus hits you but does no damage.
You block the ufetubus's attack. Something hits you but does no damage.
You slash the iguana!
The iguana is severely wounded.
You barely miss the ufetubus. You closely miss something.
The ufetubus hits you but does no damage.
The ufetubus closely misses you. Something hits you but does no damage.
The iguana bites you!
* * * LOW HITPOINT WARNING * * *
You feel better.
The ufetubus hits you but does no damage. x2
The ufetubus hits you.
* * * LOW HITPOINT WARNING * * *
You block the ufetubus's attack. Something hits you.
* * * LOW HITPOINT WARNING * * *
The iguana closely misses you.
It was a potion of brilliance.
You feel clever all of a sudden. You block the ufetubus's attack. x2
You hear some strange, mumbled words.
Something tries to affect you, but you resist.
The iguana bites you.
* * * LOW HITPOINT WARNING * * *
You slash something! You hit the iguana. You closely miss the ufetubus.
The ufetubus hits you but does no damage. x2
You block the ufetubus's attack. The ufetubus closely misses you.
Something hits you.
* * * LOW HITPOINT WARNING * * *
The iguana bites you!
You die...

.......# .###
.......# ..#
.......#####.#####
.................#
###..............#
###
#..............#
....
####........!..#
.....
#.........5.#......
#..........@)......
#..........l{......
############.......
....... ..∩...#
......# ...!..#
##..?##


You could see an iguana and an ufetubus.

Vanquished Creatures
  A water moccasin (D:5)
  2 phantoms
  A bullfrog (D:6)
  2 scorpions
  A jelly (D:6)
  A sleepcap (D:4)
  3 hounds (D:5)
  An iguana (D:6)
  An orc wizard (D:5)
  4 adders
  2 shadow imps
  2 white imps
  An ufetubus (D:6)
  2 dart slugs
  2 ribbon worms (D:2)
  9 orcs
  2 bats (D:1)
  6 endoplasms
  5 giant cockroaches
  9 goblins
  4 hobgoblins
  3 jackals (D:1)
  10 kobolds
  3 quokkas
  3 ball pythons
  4 frilled lizards
  A rat (D:1)
85 creatures vanquished.

Notes
Turn   | Place    | Note
-------+----------+-------------------------------------------
     0 | D:1      | retardedninja the Mountain Dwarf Fighter began the quest
                  | for the Orb.
     0 | D:1      | Reached XP level 1. HP: 19/19 MP: 1/1
    88 | D:1      | Found a faded altar of an unknown god.
   298 | D:1      | Reached XP level 2. HP: 26/26 MP: 2/2
   858 | D:1      | Reached XP level 3. HP: 33/33 MP: 3/3
  1090 | D:2      | You fall into a shaft and drop 2 floors!
  1220 | D:3      | Found a shadowy altar of Dithmenos.
  1692 | D:2      | Reached XP level 4. HP: 40/40 MP: 4/4
  2568 | D:4      | Noticed a phantom
  2583 | D:4      | Noticed a scorpion
  2585 | D:4      | Killed a phantom
  2586 | D:4      | Reached XP level 5. HP: 30/47 MP: 5/5
  3276 | D:4      | Upgraded the game from 0.32-a0-520-g344ed53f66 to
                  | 0.32-a0-540-g866d13106e
  3292 | D:4      | Reached XP level 6. HP: 52/55 MP: 6/6
  3546 | D:4      | Reached skill level 5 in Fighting
  3597 | D:5      | Entered Level 5 of the Dungeon
  3610 | D:5      | Found an iron altar of Okawaru.
  3629 | D:5      | Reached skill level 5 in Axes
  3801 | D:5      | Noticed a water moccasin
  3812 | D:5      | Killed a water moccasin
  3899 | D:5      | Reached XP level 7. HP: 58/62 MP: 7/7
  4505 | D:6      | Reached skill level 5 in Shields
  4636 | D:6      | Reached skill level 5 in Armour
  4645 | D:6      | Found Weqol's Assorted Antiques.
  4661 | D:6      | HP: 1/63 [something (4)]
  4661 | D:6      | Mangled by an iguana

Illustrated notes

Levels and vault maps discovered:
D:1:      dpeg_arrival_long_road, layout_basic,
          hellmonk_ecumenical_altar_prayer_group, hex_medium,
          minmay_misc_feat_alley, serial_park_tiny_1, hangedman_decor_opposing,
          chequers_serial_rivers_large_a, chequers_serial_rivers_marsh,
          amcnicky_mini_corridor_feature
D:2:      layout_basic
D:3:      layout_loops_cross, mainiacjoe_overflow_surrounded_room
D:4:      layout_cave_pools
D:5:      layout_rooms, amcnicky_altar_gilded
D:6:      layout_basic, temple_fountains, serial_shops, shop, uniq_edmund

Skill      XL: |  1  2  3  4  5  6  7 |
---------------+----------------------+-----
Axes           | 3 4 5 6 |  6.3
Fighting       | 4 5 6 |  6.2
Shields        | 4 5 |  5.1
Armour         | 4 5 |  5.0

Action                     |  1- 3 |  4- 6 |  7- 9 || total
---------------------------+-------+-------+-------++-------
  Melee: War axe           |   117 |   138 |    57 ||   312
    Use: Potion            |       |     3 |     2 ||     5
 Armour: Scale mail        |    87 |   113 |    83 ||   283
         Skin              |       |     7 |       ||     7
  Dodge: Dodged            |    49 |    56 |    57 ||   162
         Repelled          |       |     2 |       ||     2
  Block: Buckler           |    33 |    30 |    32 ||    95

Table legend: (Time is in decaauts)
 A = Elapsed time spent in this place.
 B = Non-inter-level travel time spent in this place.
 C = Inter-level travel time spent in this place.
 D = Time resting spent in this place.
 E = Time spent auto-exploring this place.
 F = Levels seen in this place.
 G = Mean time per level.
                   A        B        C        D        E       F      G
               +--------+--------+--------+--------+--------+-----+--------+
         Total |   4771 |   4680 |     91 |    634 |   3197 |   6 |  795.2 |
       Dungeon |   4771 |   4680 |     91 |    634 |   3197 |   6 |  795.2 |
               +--------+--------+--------+--------+--------+-----+--------+

Top non-repeatable levels by time:
     D:4: 1105 daAuts
     D:1: 996 daAuts
     D:2: 941 daAuts
     D:5: 836 daAuts
     D:3: 638 daAuts
     D:6: 253 daAuts
